 Dungeon Crawl Stone Soup version 0.19.5 (webtiles) character file.

95 Gargoyl the Skirmisher (level 4, -1/40 HPs)
             Began as a Ghoul Abyssal Knight on Apr 9, 2017.
             Was a Follower of Lugonu.
             Slain by an orc priest
             ... wielding a +0 morningstar
              (5 damage)
             ... on level 3 of the Dungeon.
             The game lasted 00:03:56 (1890 turns).

Gargoyl the Skirmisher (Ghoul Abyssal Knight)       Turns: 1890, Time: 00:03:56

Health: -1/40      AC: 11    Str: 14 (15) XL:     4   Next: 65%
Magic:  4/4        EV:  6    Int:  4 (7)  God:    Lugonu [*.....]
Gold:   249        SH:  0    Dex:  6 (9)  Spells: 0 memorised, 3 levels left

rFire  . . .     SeeInvis .     a - +1 hand axe
rCold  + . .     Gourm    .     f - +0 chain mail
rNeg   + + +     Faith    .     (no shield)
rPois  ∞         Spirit   .     i - +0 helmet
rElec  .         Reflect  .     (no cloak)
rCorr  .         Harm     .     e - +0 pair of gloves
MR     .....                    (no boots)
Stlth  ..........               (no amulet)
                                (no ring)
                                (no ring)

@: flying, rotting
A: rotting body, claws 1, carnivore 3, cold resistance 1, negative energy
resistance 3, slow regeneration 1, torment resistance, unbreathing
a: Depart the Abyss, Renounce Religion


You were on level 3 of the Dungeon.
You worshipped Lugonu.
Lugonu was aware of your devotion.
You were not hungry.

You visited 1 branch of the dungeon, and saw 3 of its levels.
You visited the Abyss 1 time.

You collected 249 gold pieces.

Inventory:

Hand Weapons
 a - a +1 hand axe (weapon)
Armour
 e - a +0 pair of gloves (worn)
 f - a +0 chain mail (worn)
 i - a +0 helmet (worn)
Scrolls
 j - a scroll of remove curse {unknown}
 l - a scroll of identify
Comestibles
 c - a meat ration
 h - 2 royal jellies
 k - a slice of pizza
 m - 2 chunks of flesh


   Skills:
 + Level 4.1 Fighting
 + Level 2.6 Axes
 * Level 2.6 Armour
 + Level 1.1 Dodging
 * Level 2.5 Invocations


You had 3 spell levels left.
You didn't know any spells.

Dungeon Overview and Level Annotations

Branches:
Dungeon (3/15)

Altars:


Innate Abilities, Weirdness & Mutations

Your body is rotting away.
You thrive on raw meat.
You are immune to poison.
You have sharp fingernails.
You are carnivorous and can eat meat at any time.
Your flesh is cold resistant. (rC+)
You are immune to negative energy. (rN+++)
You regenerate slowly when monsters are visible.
You are immune to unholy pain and torment.
You can survive without breathing.


Message History

Beogh smites you!
* * * LOW HITPOINT WARNING * * *
The hobgoblin closely misses you.
You feel better.
The orc priest hits you with a morningstar.
* * * LOW HITPOINT WARNING * * *
The orc priest hits you but does no damage.
The hobgoblin hits you but does no damage.
It was a potion of degeneration.
There was something very wrong with that liquid.
You feel weakened.
You feel dopey.
You feel clumsy.
The orc priest hits you but does no damage.
The orc priest hits you with a morningstar.
* * * LOW HITPOINT WARNING * * *
It was a potion of flight.
You feel very buoyant.
You fly up into the air.
The hobgoblin hits you but does no damage.
The orc priest hits you with a morningstar.
You die...

#.###### #.#
#..#..## #.
#.# #..#.## #
##.####..#.#
#........#.#
#........#.#
###........#.#
#..........#.#
#.#)........
#.#@o......# .
#og....... o.
.)....... ##
.....#.###
......#.#
###..... #
#.##### #.


You could see 2 orc priests and a hobgoblin.

Vanquished Creatures
  5 adders (D:2)
  A worm (D:2)
  3 orcs (D:3)
  A ball python (D:2)
  8 bats
  2 giant cockroaches
  5 goblins
  3 hobgoblins
  4 jackals (D:2)
  A quokka (D:2)
  3 frilled lizards
  3 kobolds
  8 rats
  A fungus (D:1)
48 creatures vanquished.

Notes
Turn   | Place    | Note
-------+----------+-------------------------------------------
     0 | Abyss:1  | Gargoyl the Ghoul Abyssal Knight began the quest for the Orb.
     0 | Abyss:1  | Reached XP level 1. HP: 19/19 MP: 1/1
    88 | Abyss:2  | Noticed a raiju
    88 | Abyss:2  | Noticed a raiju
    91 | D:1      | Escaped the Abyss
   463 | D:1      | Reached * piety under Lugonu
   463 | D:1      | Reached XP level 2. HP: 26/26 MP: 2/2
   916 | D:2      | Reached skill level 1 in Dodging
   920 | D:2      | Reached XP level 3. HP: 28/33 MP: 3/3
  1085 | D:2      | Reached skill level 4 in Fighting
  1325 | D:2      | Reached XP level 4. HP: 27/40 MP: 4/4
  1890 | D:3      | Slain by an orc priest

Skill      XL: |  1  2  3 |
---------------+----------+-----
Armour         | 2 |  2.6
Axes           | 2 |  2.6
Dodging        | 1 |  1.1
Fighting       | 4 |  4.1
Invocations    | |  2.5

Action                   |  1- 3 |  4- 6 || total
-------------------------+-------+-------++-------
Melee: Hand axe          |   129 |    52 ||   181
Invok: Depart the Abyss  |     1 |       ||     1
  Use: Potion            |     2 |     3 ||     5
       Scroll            |     2 |       ||     2
  Eat: Chunk             |     7 |     5 ||    12
Armor: Chain mail        |   117 |    39 ||   156
Dodge: Dodged            |    61 |    31 ||    92
